 Dungeon Crawl Stone Soup version 0.31-a0-667-g39726597b9 (webtiles) character file.

Game seed: 13579958585048649105

6299 greenreed the Fighter (level 10, 0/79 HPs)
             Began as an Octopode Shapeshifter on Sept 3, 2023.
             Was an Initiate of Ashenzari.
             Slain by a wyvern (13 damage)
             ... on level 9 of the Dungeon.
             The game lasted 00:20:57 (10056 turns).

greenreed the Fighter (Octopode Shapeshifter)      Turns: 10056, Time: 00:20:58

Health: 0/79       AC:  1    Str: 18    XL:     10   Next: 95%
Magic:  10/10      EV: 15    Int: 13    God:    Ashenzari [......]
Gold:   469        SH:  5    Dex: 11    Spells: 9/9 levels left

rFire   + .          .
                       - Unarmed
rCold   + . .        (no shield)
rNeg    + . .        (helmet currently unavailable)
rPois   +            J - amulet of reflection
rElec   .            i - ring of willpower
rCorr   .            o - ring of positive energy
SInv    .            v - ring of protection from cold
Will    +....        C - ring of the Circumscribed God {rPois, Bglg, Self} (curse)
Stlth   ++           H - ring of protection from fire
HPRegen 0.33/turn    (no ring)
MPRegen 0.12/turn    (no ring)
                     (no ring)

%: reflection
@: beast-form, studying Fighting
A: beast (slay +3), almost no armour, amphibious, 8 rings, camouflage 1,
gelatinous body 1, (nimble swimmer 1), tentacles
a: Begin Untransformation, Renounce Religion, Curse Item, Shatter the Chains


You were on level 9 of the Dungeon.
You worshipped Ashenzari.
Ashenzari was noncommittal.
You were a hulking beast.
You visited 2 branches of the dungeon, and saw 10 of its levels.

You collected 469 gold pieces.

Inventory:

Missiles
 n - a throwing net (quivered)
Armour
 y - a +2 kite shield
Jewellery
 f - an amulet of the acrobat
 i - a ring of willpower (left tentacle)
 o - a ring of positive energy (right tentacle)
 v - a ring of protection from cold (on tentacle)
 C - the cursed ring of the Circumscribed God (on tentacle) {rPois, Bglg, Self}
   (You found it on level 4 of the Dungeon)

   [ring of poison resistance]

   rPois:     It protects you from poison It has a curse which improves the
   following skills: Beguiling: Conjurations, Hexes and Translocations.
   Introspection: Fighting and Spellcasting.
 H - a ring of protection from fire (on tentacle)
 I - a ring of protection from fire
 J - an amulet of reflection (around mantle)
Talismans
 b - a beast talisman (active)
 c - a flux talisman
 t - a maw talisman
Wands
 F - a wand of digging (2)
 G - a wand of flame (24)
Scrolls
 a - a scroll of acquirement {unknown}
 d - 4 scrolls of identify {unknown}
 h - a scroll of amnesia {unknown}
 k - 7 scrolls of teleportation {unknown}
 p - 4 scrolls of torment {unknown}
 r - a scroll of fear {unknown}
 s - a scroll of enchant armour {unknown}
 u - 2 scrolls of enchant weapon {unknown}
 x - 2 scrolls of blinking {unknown}
 z - a scroll of summoning {unknown}
 A - a scroll of vulnerability {unknown}
 D - a scroll of poison {unknown}
 E - a scroll of revelation {unknown}
Potions
 e - a potion of might {unknown}
 g - 8 potions of curing {unknown}
 j - a potion of ambrosia {unknown}
 l - 5 potions of heal wounds {unknown}
 m - a potion of enlightenment {unknown}
 q - 3 potions of cancellation {unknown}
 w - a potion of berserk rage {unknown}
 B - 2 potions of attraction {unknown}


   Skills:
 * Level 11.2(11.6) Fighting
 + Level 6.7 Dodging
 * Level 10.0 Unarmed Combat
 + Level 6.7 Shapeshifting


You had 9 spell levels left.
You didn't know any spells.
Your spell library contained the following spells:

 Spells                   Type           Power      Damage    Failure   Level
 Shock                    Conj/Air       0%         1d3       30%         1
 Inner Flame              Hex/Fire       0%         N/A       67%         3
 Ozocubu's Armour         Ice            0%         N/A       67%         3
 Stone Arrow              Conj/Erth      0%         3d7       67%         3
 Fulminant Prism          Conj/Hex       0%         3d5       97%         4
 Alistair's Intoxication  Tmut/Pois      0%         N/A       100%        5
 Borgnjor's Vile Clutch   Necr/Erth      0%         N/A       100%        5
 Metabolic Englaciation   Hex/Ice        0%         N/A       100%        5
 Yara's Violent Unravell  Hex/Tmut       0%         3d3       100%        5
 Eringya's Noxious Bog    Tmut/Pois      0%         4d6       100%        6
 Enfeeble                 Hex            0%         N/A       100%        7
 Ozocubu's Refrigeration  Ice            0%         4d7       100%        7
 Spellforged Servitor     Conj/Summ      0%         N/A       100%        7
 Lehudib's Crystal Spear  Conj/Erth      0%         10d2      100%        8
 Animate Armour           Summ/Erth      Unusable   N/A       N/A         4

Dungeon Overview and Level Annotations

Branches:
Dungeon (9/15)             Temple (1/1) D:6            Lair (0/5) D:8
    Orc: D:9-12

Altars:
Ashenzari
Cheibriados
Dithmenos
Elyvilon
Fedhas
Gozag
Hepliaklqana
Kikubaaqudgha
Makhleb
Nemelex Xobeh
Okawaru
Qazlal
Ru
Sif Muna
Trog
Uskayaw
Vehumet
Wu Jian
Xom
Yredelemnul
The Shining One

Shops:
D:2 :   D:4 :   D:6 ?[


Innate Abilities, Weirdness & Mutations

You are a hulking beast.
Your limbs bulge with bestial killing power. (Slay +3)
You cannot wear most types of armour.
You are amphibious.
You can wear up to eight rings at the same time.
Your skin changes colour to match your surroundings (Stealth+).
Your rubbery body absorbs attacks. (AC +1, EV +1)
((You are camouflaged when in or above water. (Stealth+)))
You have tentacles for arms and can constrict up to eight enemies at once.


Message History

The killer bee misses you. The killer bee stings you.
You are poisoned.
The killer bee poisons you!
You completely miss the killer bee. Your grab misses the killer bee.
You feel sick. You block the killer bee's attack. The killer bee misses you.
You miss the killer bee. You grab the killer bee. You squeeze the killer bee.
The killer bee is lightly wounded.
You constrict the killer bee.
You feel sick. The killer bee closely misses you.
You block the killer bee's attack.
You tentacle-slap the killer bee. You squeeze the killer bee.
You kill the killer bee!
You feel sick.
You closely miss the killer bee. Your grab misses the killer bee.
Your squeeze misses the killer bee.
You feel sick. You block the killer bee's attack.
The killer bee closely misses you.
You tentacle-slap the killer bee. Your grab misses the killer bee.
The killer bee is moderately wounded.
The sentinel's mark upon you fades away.
The killer bee stings you but does no damage.
The killer bee misses you.
You bludgeon the killer bee!
You kill the killer bee!
You feel sick. The wyvern bites you.
* * * LOW HITPOINT WARNING * * *
You tentacle-slap the wyvern. Your squeeze misses the wyvern.
The wyvern is lightly wounded.
You feel sick. You block the wyvern's attack.
You bludgeon the wyvern!
The wyvern is heavily wounded.
You feel sick.
You are no longer poisoned.
The wyvern closely misses you.
You tentacle-slap the wyvern.
The wyvern is severely wounded.
You block the wyvern's attack. The wyvern attacks as it pursues you!
The wyvern bites you.
* * * LOW HITPOINT WARNING * * *
The wyvern bites you!
You die...

..ohcl###.#
..yhzO†l..#
'#######'l#
#...#...#.#
#...#...#.########
#.......#Oo.llo.l#
###._†##########O#
#..).)..#..# #l#
#...#...#..# #h#
#...#...#..# #.#
+#######'..#####.#
...##............#
###...#.##########
....###.# ###.#
#.# #.# #.# #.#
#.#


You could see a two-headed ogre and 2 wyverns.

Vanquished Creatures
  Erica (D:8)
  A manticore (D:8)
  Maggie (D:8)
  Psyche (D:7)
  2 wyverns (D:8)
  A yak (D:8)
  3 sky beasts
  An ice beast (D:7)
  An orc warrior (D:8)
  3 black bears
  3 centaurs
  An ogre (D:6)
  2 phantoms
  Blork the orc (D:4)
  2 kobold brigands (D:8)
  6 bullfrogs
  A gnoll sergeant (D:7)
  4 scorpions (D:5)
  18 wights
  10 killer bees
  A howler monkey (D:8)
  4 hounds
  A gnoll bouda (D:8)
  3 jellies
  2 orc priests
  5 iguanas
  3 sleepcaps
  Terence (D:2)
  3 orc wizards
  5 adders
  12 gnolls
  A shadow imp (D:6)
  3 white imps (D:6)
  An ufetubus (D:5)
  3 dart slugs
  15 orcs
  4 bats
  4 endoplasms
  2 giant cockroaches
  6 goblins
  5 hobgoblins
  12 kobolds
  2 quokkas
  9 ball pythons
  3 frilled lizards
  A rat (D:3)
174 creatures vanquished.

Vanquished Creatures (others)
  A butterfly (D:8)
1 creature vanquished.

Grand Total: 175 creatures vanquished

Notes
Turn   | Place    | Note
-------+----------+-------------------------------------------
     0 | D:1      | greenreed the Octopode Shapeshifter began the quest for the
                  | Orb.
     0 | D:1      | Reached XP level 1. HP: 13/13 MP: 1/1
   307 | D:1      | Reached XP level 2. HP: 7/18 MP: 2/2
   820 | D:2      | Found Qusenige's Book Boutique.
   863 | D:2      | Reached XP level 3. HP: 24/24 MP: 3/3
   894 | D:2      | Noticed Terence
   901 | D:2      | Killed Terence
   902 | D:2      | Reached skill level 2 in Fighting
   989 | D:2      | Found a faded altar of an unknown god.
  1215 | D:2      | Reached XP level 4. HP: 29/29 MP: 4/4
  1505 | D:3      | Found a glowing golden altar of the Shining One.
  1865 | D:3      | Found a snail-covered altar of Cheibriados.
  1907 | D:3      | Reached XP level 5. HP: 35/35 MP: 5/5
  2178 | D:3      | Reached skill level 3 in Fighting
  2349 | D:3      | Found a stormy altar of Qazlal.
  2496 | D:3      | You fall into a shaft and drop 3 floors!
  2515 | D:6      | Found a staircase to the Ecumenical Temple.
  2521 | D:6      | Noticed a centaur
  2524 | Temple   | Entered the Ecumenical Temple
  2535 | Temple   | Became a worshipper of Ashenzari the Shackled
  2556 | D:6      | Killed a centaur
  2557 | D:6      | Reached XP level 6. HP: 25/42 MP: 6/6
  2906 | D:6      | Reached skill level 4 in Fighting
  2940 | D:6      | Reached skill level 5 in Unarmed Combat
  2940 | D:6      | Reached XP level 7. HP: 11/48 MP: 7/7
  3086 | D:5      | Entered Level 5 of the Dungeon
  3738 | D:5      | Reached skill level 5 in Fighting
  3781 | D:5      | Reached XP level 8. HP: 52/55 MP: 8/8
  3848 | D:5      | Found a radiant altar of Vehumet.
  3848 | D:5      | Found an opulent altar of Gozag.
  3848 | D:5      | Found a burning altar of Makhleb.
  4002 | D:5      | Found a hide-covered altar of Uskayaw.
  4891 | D:4      | Noticed Blork the orc
  4896 | D:4      | Killed Blork the orc
  5040 | D:4      | Found Fosamnichi's Book Shoppe.
  5178 | D:3      | Found a shadowy altar of Dithmenos.
  5464 | D:6      | Reached skill level 6 in Fighting
  5542 | D:6      | Found Pucsynig's Magic Scroll Emporium.
  5756 | D:6      | Reached skill level 5 in Shapeshifting
  5877 | D:6      | Found Jejoitac's Armour Shop.
  5951 | D:6      | Reached XP level 9. HP: 46/63 MP: 9/9
  6109 | D:6      | Found a shimmering altar of Xom.
  6333 | D:7      | Reached skill level 5 in Dodging
  6516 | D:7      | Reached skill level 7 in Fighting
  7507 | D:8      | Found a blossoming altar of Fedhas.
  7508 | D:8      | Found a staircase to the Lair.
  7509 | D:8      | Noticed Erica
  7520 | D:8      | Noticed Psyche
  7550 | D:7      | Killed Psyche
  7551 | D:7      | Reached skill level 8 in Fighting
  7751 | D:8      | Found a white marble altar of Elyvilon.
  7769 | D:8      | Reached XP level 10. HP: 19/73 MP: 10/10
  8028 | D:8      | Noticed Maggie
  8041 | D:8      | Killed Maggie
  8042 | D:8      | Reached skill level 9 in Fighting
  8164 | D:8      | Killed Erica
  8320 | D:8      | Reached skill level 10 in Fighting
  8519 | D:8      | Found a shimmering blue altar of Sif Muna.
  8754 | D:8      | Got Sif Muna's Anthology of Hyperborean Damage
  8820 | D:8      | Noticed a manticore
  8833 | D:8      | Killed a manticore
  9069 | D:8      | Identified the +0 ring mail "Ypain" {Dex+3}
  9394 | D:8      | Reached skill level 11 in Fighting
  9992 | D:9      | Found a sacrificial altar of Ru.
 10027 | D:9      | Noticed a two-headed ogre
 10033 | D:9      | Reached skill level 10 in Unarmed Combat
 10056 | D:9      | Slain by a wyvern

Illustrated notes

Levels and vault maps discovered:
D:1:      matt_arrival_diagonals, layout_basic, minivault_23
D:2:      layout_loops_ring, ebering_ecumenical_altar_webs, serial_shops, shop,
          uniq_terence
D:3:      layout_loops_corners, marbit_many_paths,
          lemuel_coloured_pillars_altar, general_overflow_altar,
          lemuel_crystal_altar, serial_glass, glass_columns_c, glass_columns_a,
          chequers_serial_rivers_marsh, kennysheep_generic_room_4
D:4:      layout_basic, serial_shops, nicolae_shop_behind_doors,
          uniq_blork_the_orc
D:5:      layout_layer_cave, gammafunk_temple_overflow_claw,
          mainiacjoe_overflow_paths
D:6:      layout_cave_pools, lemuel_tele_altar, minmay_temple_entry_offerings,
          serial_shops, nicolae_shop_back_alley_shop, shop
D:7:      layout_cave_pods
D:8:      minmay_opposing_rooms, layout_layer_cave, led_sif_pool,
          nicolae_elyvilon_peaceful_grove, mainiacjoe_overflow_small_starburst,
          lair_entry_dummy, uniq_erica, uniq_psyche, uniq_maggie
D:9:      minmay_the_grid_square_5x5_4x4 [minmay_the_grid_square_5x5_z,
          minmay_the_grid_square_5x5_inverted_slash,
          minmay_the_grid_square_5x5_moneybag, minmay_the_grid_square_5x5_lines,
          minmay_the_grid_square_5x5_two_walls_b,
          minmay_the_grid_square_5x5_prize_itemx,
          minmay_the_grid_square_5x5_prize_rear_guard,
          minmay_the_grid_square_5x5_six, minmay_the_grid_square_5x5_hourglass,
          minmay_the_grid_square_5x5_prize_junk,
          minmay_the_grid_square_5x5_prize_snowflake,
          minmay_the_grid_square_5x5_inner_v,
          minmay_the_grid_square_5x5_dogpile,
          minmay_the_grid_square_5x5_checkered,
          minmay_the_grid_square_5x5_shrine2, minmay_the_grid_square_5x5_slash],
          layout_basic, zin_treasury, nicolae_ru_great_annihilating_truth
Temple:   hellmonk_temple_flake

Skill      XL: |  1  2  3  4  5  6  7  8  9 10 |
---------------+-------------------------------+-----
Fighting       | 2 3 4 5 6 8 11 | 11.2
Unarmed Combat | 4 5 7 8 10 | 10.0
Dodging        | 3 4 5 6 |  6.7
Shapeshifting  | 4 5 6 |  6.7

Action                     |  1- 3 |  4- 6 |  7- 9 | 10-12 || total
---------------------------+-------+-------+-------+-------++-------
  Melee: Unarmed           |    34 |    91 |   192 |   127 ||   444
         Constrict         |     7 |    18 |    49 |    24 ||    98
         Tentacles         |     7 |    21 |    49 |    32 ||   109
         Punch             |     1 |     2 |    17 |     6 ||    26
  Throw: Throwing net      |       |       |     1 |     1 ||     2
 Invoke: Curse Item        |       |       |       |     1 ||     1
    Use: Potion            |       |       |       |     1 ||     1
   Stab: Sleeping          |     4 |     6 |     7 |       ||    17
         Invisible         |       |       |       |     1 ||     1
         Paralysed         |       |       |       |     1 ||     1
 Armour: Skin              |     8 |    43 |   100 |    69 ||   220
  Dodge: Dodged            |    22 |    77 |   134 |    96 ||   329
  Block: Other             |       |       |       |    10 ||    10
         Reflection        |       |       |       |     1 ||     1

Table legend: (Time is in decaauts)
 A = Elapsed time spent in this place.
 B = Non-inter-level travel time spent in this place.
 C = Inter-level travel time spent in this place.
 D = Time resting spent in this place.
 E = Time spent auto-exploring this place.
 F = Levels seen in this place.
 G = Mean time per level.
                   A        B        C        D        E       F      G
               +--------+--------+--------+--------+--------+-----+--------+
         Total |  10007 |   9626 |    381 |   1603 |   6577 |  10 | 1000.7 |
       Dungeon |   9813 |   9452 |    361 |   1437 |   6577 |   9 | 1090.3 |
        Temple |    193 |    173 |     20 |    166 |      0 |   1 |  193.0 |
               +--------+--------+--------+--------+--------+-----+--------+

Top non-repeatable levels by time:
     D:8: 2017 daAuts
     D:5: 1633 daAuts
     D:6: 1488 daAuts
     D:7: 1427 daAuts
     D:3: 1130 daAuts
     D:2: 823 daAuts
     D:1: 797 daAuts
     D:4: 376 daAuts
  Temple: 193 daAuts
     D:9: 119 daAuts
